 Dungeon Crawl Stone Soup version 0.19.1-1-g22dce08 (webtiles) character file.

375 Lahna the Slicer (level 7, -7/45 HPs)
             Began as a Halfling Fighter on Jan 15, 2017.
             Killed by nerve-wracking pain
             ... invoked by Menkaure
              (10 damage)
             ... on level 4 of the Dungeon.
             The game lasted 00:05:38 (2249 turns).

Lahna the Slicer (Halfling Fighter)                 Turns: 2249, Time: 00:05:38

Health: -7/45      AC:  6    Str: 19    XL:     7   Next: 3%
Magic:  7/7        EV:  9    Int:  6    God:
Gold:   189        SH:  9    Dex: 14    Spells: 0 memorised, 6 levels left

rFire  + . .     SeeInvis .     t - +2 short sword (venom)
rCold  . . .     Gourm    .     b - +0 scale mail
rNeg   . . .     Faith    +     c - +0 shield
rPois  .         Spirit   .     (no helmet)
rElec  .         Reflect  .     (no cloak)
rCorr  .         Harm     .     (no gloves)
MR     .....                    (no boots)
Stlth  ..........               k - amulet of faith
                                v - ring of protection from cold
                                e - ring of fire

@: no status effects
A: mutation resistance 1
a: no special abilities


You were on level 4 of the Dungeon.
You were not hungry.

You visited 1 branch of the dungeon, and saw 4 of its levels.

You collected 189 gold pieces.

Inventory:

Hand Weapons
 t - a +2 short sword of venom (weapon)
Armour
 b - a +0 scale mail (worn)
 c - a +0 shield (worn)
Jewellery
 e - a ring of fire (left hand)
 k - an amulet of faith (around neck)
 v - a ring of protection from cold (right hand)
Scrolls
 g - a scroll of magic mapping {unknown}
 i - 2 scrolls of immolation {unknown}
 j - a scroll of teleportation {unknown}
 l - 3 scrolls of recharging {unknown}
 s - 2 scrolls of identify {unknown}
Potions
 a - a potion of haste {unknown}
 d - a potion of might
 m - a potion of resistance {unknown}
 n - 2 potions of invisibility {unknown}
 q - 2 potions of degeneration {unknown}
 r - a potion of lignification {unknown}
 u - a potion of cancellation {unknown}
 w - a potion of brilliance {unknown}
Books
 p - a book of Minor Magic

   Spells                             Type                      Level
   a - Magic Dart                     Conjuration                  1
   b - Blink                          Translocation                2
   c - Call Imp                       Summoning                    2
   d - Repel Missiles                 Charms/Air                   2
   e - Slow                           Hexes                        2
   f - Conjure Flame                  Conjuration/Fire             3
   g - Mephitic Cloud                 Conjuration/Poison/Air       3
Comestibles
 f - 5 bread rations
 h - 9 chunks of flesh
 o - 2 meat rations


   Skills:
 - Level 2.6 Fighting
 + Level 8.4 Short Blades
 - Level 3.2 Armour
 - Level 3.2 Shields


You had 6 spell levels left.
You didn't know any spells.

Dungeon Overview and Level Annotations

Branches:
Dungeon (4/15)
 Temple: D:4-7

Altars:
Makhleb
Zin

Annotations:
D:4 Menkaure


Innate Abilities, Weirdness & Mutations

You are small and have problems with some larger weapons.
You are somewhat resistant to further mutation.


Message History

Menkaure blazes with dark energy!
You kill the ogre!
Your Short Blades skill increases to level 8!
You have reached level 7!
Menkaure completely misses you.
Menkaure gestures wildly while chanting.
Menkaure seems to speed up.
Menkaure blazes with dark energy!
Menkaure gestures wildly while chanting.
Menkaure points at you and mumbles some strange words.
Pain shoots through your body!
* * * LOW HITPOINT WARNING * * *
Menkaure calls on the powers of darkness!
You feel a surge of unholy energy.
Menkaure calls on the powers of darkness!
Your body is wracked with pain!
* * * LOW HITPOINT WARNING * * *
Menkaure casts a spell at you. Pain shoots through your body!
You die...

..##.............#
..##.............#
..#############..#
### #..# ..# #M.#
#.# #..# #.# #..#
#.# #..# #.# #.@#
#.# #..# #.# #..#
#.# #..# #.# ##..
..# ### ###


You could see Menkaure.

Vanquished Creatures
  2 ogres (D:4)
  The ghost of fatfloppyjuicyveiny the Covert, an amateur OpAs of Gozag (D:3)
  A hound (D:4)
  A worker ant (D:4)
  2 adders
  A worm (D:3)
  5 dart slugs
  3 leopard geckos
  7 orcs
  2 giant cockroaches
  4 goblins
  A hobgoblin (D:2)
  3 bats (D:1)
  3 frilled lizards
  3 kobolds
  5 rats
44 creatures vanquished.

Notes
Turn   | Place    | Note
-------+----------+-------------------------------------------
     0 | D:1      | Lahna the Halfling Fighter began the quest for the Orb.
     0 | D:1      | Reached XP level 1. HP: 15/15 MP: 1/1
   182 | D:1      | Reached skill level 3 in Short Blades
   200 | D:1      | Reached XP level 2. HP: 18/20 MP: 2/2
   715 | D:2      | Reached XP level 3. HP: 25/25 MP: 3/3
   770 | D:3      | Reached skill level 4 in Short Blades
   782 | D:3      | Noticed fatfloppyjuicyveiny's ghost (amateur OpAs)
   782 | D:3      | Found a burning altar of Makhleb.
   803 | D:3      | Killed fatfloppyjuicyveiny's ghost
   803 | D:3      | Reached skill level 5 in Short Blades
   803 | D:3      | Reached XP level 4. HP: 17/30 MP: 4/4
   803 | D:3      | Reached XP level 5. HP: 19/35 MP: 5/5
   847 | D:3      | Reached skill level 6 in Short Blades
  1292 | D:3      | Found a glowing silver altar of Zin.
  1293 | D:3      | Noticed an Executioner
  1293 | D:3      | Noticed an angel
  2106 | D:4      | Noticed an ogre
  2113 | D:4      | Killed an ogre
  2113 | D:4      | Reached skill level 7 in Short Blades
  2113 | D:4      | Reached XP level 6. HP: 26/41 MP: 6/6
  2205 | D:4      | Noticed an ogre
  2228 | D:4      | Noticed Menkaure
  2235 | D:4      | Killed an ogre
  2235 | D:4      | Reached skill level 8 in Short Blades
  2235 | D:4      | Reached XP level 7. HP: 11/45 MP: 7/7
  2240 | D:4      | HP: 2/45 [Menkaure/nerve-wracking pain (9)]
  2249 | D:4      | Killed from afar by Menkaure

Skill      XL: |  1  2  3  4  5  6 |
---------------+-------------------+-----
Short Blades   | 3 5 7 8 |  8.4
Fighting       | |  2.6
Armour         | |  3.2
Shields        | |  3.2

Action                   |  1- 3 |  4- 6 |  7- 9 || total
-------------------------+-------+-------+-------++-------
Melee: Rapier            |    84 |    45 |       ||   129
       Short sword       |       |    21 |       ||    21
  Eat: Chunk             |       |     4 |       ||     4
Armor: Scale mail        |    24 |    15 |       ||    39
Dodge: Dodged            |    30 |    22 |     1 ||    53
Block: Shield            |    40 |    27 |       ||    67
